 Dungeon Crawl Stone Soup version 0.20.1-1-g8b1a95d (webtiles) character file.

77 McKennaii the Ducker (level 4, -5/23 HPs)
             Began as a Spriggan Warper on Aug 8, 2017.
             Slain by a worm (9 damage)
             ... on level 2 of the Dungeon.
             The game lasted 00:08:22 (3653 turns).

McKennaii the Ducker (Spriggan Warper)              Turns: 3653, Time: 00:08:22

Health: -5/23      AC:  2    Str:  7    XL:     4   Next: 14%
Magic:  9/9        EV: 20    Int: 14    God:
Gold:   45         SH:  0    Dex: 16    Spells: 6/8 levels left

rFire    . . .     SeeInvis +   a - +0 short sword
rCold    . . .     Gourm    .   (shield restricted)
rNeg     . . .     Faith    .   b - +0 robe
rPois    .         Spirit   .   (helmet restricted)
rElec    .         Reflect  .   (no cloak)
rCorr    .         Harm     .   (gloves unavailable)
MR       .....                  (boots unavailable)
Stlth    ++........             (no amulet)
Regen    0.1/turn               (no ring)
MPRegen  0.2/turn               (no ring)

@: very quick
A: unfitting armour, see invisible, herbivore 3, speed 3, slow metabolism 2
a: no special abilities


You were on level 2 of the Dungeon.
You were hungry.

You visited 1 branch of the dungeon, and saw 2 of its levels.

You collected 45 gold pieces.

Inventory:

Hand Weapons
 a - a +0 short sword (weapon)
Missiles
 e - 2 tomahawks of dispersal (quivered)
Armour
 b - a +0 robe (worn)
Scrolls
 d - a scroll of blinking
 g - a scroll of magic mapping {unknown}
 h - 3 scrolls of teleportation {unknown}
 j - a scroll of remove curse {unknown}
 k - a scroll of identify {unknown}
Potions
 l - a potion of agility {unknown}
Books
 c - a book of Spatial Translocations

   Spells                             Type                      Level
   a - Blink                          Translocation                2
   b - Shroud of Golubria             Charms/Translocation         2
   c - Lesser Beckoning               Translocation                3
   d - Gell's Gravitas                Translocation                3
   e - Teleport Other                 Translocation                3
   f - Passage of Golubria            Translocation                4
Comestibles
 f - a bread ration
 i - a fruit


   Skills:
 + Level 2.0 Fighting
 + Level 3.0 Short Blades
 - Level 1.0 Throwing
 + Level 4.7 Dodging
 * Level 2.7 Stealth
 + Level 2.9 Spellcasting
 + Level 4.4 Translocations


You had 6 spell levels left.
You knew the following spells:

 Your Spells              Type           Power        Failure   Level  Hunger
a - Blink                 Tloc           N/A          5%          2    ##.....


Dungeon Overview and Level Annotations

Branches:
Dungeon (2/15)

Altars:


Innate Abilities, Weirdness & Mutations

You are very small and have problems with some larger weapons.
You are too small for most types of armour.
You have supernaturally acute eyesight. (SInv)
You are a herbivore.
You cover ground extremely quickly.
You need consume almost no food.


Message History

Ouch! That really hurt!
* * * LOW HITPOINT WARNING * * *
You hit the worm.
The worm is severely wounded.
Throwing (i - inventory):
e - 4 tomahawks of dispersal (quivered)
Press: ? - help, Shift-Dir - straight line, f/p - worm
Aim: a worm (heavily wounded)
You throw a tomahawk of dispersal.
The tomahawk of dispersal hits the worm.
The worm blinks!
The worm is severely wounded.
Throwing (i - inventory):
e - 3 tomahawks of dispersal (quivered)
Press: ? - help, Shift-Dir - straight line, f/p - worm
Aim: a worm (severely wounded)
You throw a tomahawk of dispersal.
The tomahawk of dispersal hits the worm.
The worm blinks!
The worm is almost dead.
The worm bites you!
You die...

#.#<####.##############
#......#....#.........#
#.#.........#.#######.#
#.####.#.####.# #.# #.#
#.#......# ####.# #.#
#.#.#########....# #.#
#..........##....##
##.######....>...........
#.§..§.w@.###+##.##......
##########..<..#.........
#........'.......##......
###.######.....#.#####...
#.#..).................
#.#.########.#.#####...
#.#.##....##+#.### #...
#.#.##...........# #...
#.#.##......÷....######


You could see a worm.

Vanquished Creatures
  2 adders (D:2)
  2 worms
  A dart slug (D:2)
  3 leopard geckos
  4 giant cockroaches (D:1)
  8 goblins
  2 hobgoblins
  4 jackals (D:1)
  6 bats
  2 frilled lizards
  9 kobolds
  5 rats
48 creatures vanquished.

Notes
Turn   | Place    | Note
-------+----------+-------------------------------------------
     0 | D:1      | McKennaii the Spriggan Warper began the quest for the Orb.
     0 | D:1      | Reached XP level 1. HP: 10/10 MP: 5/5
   393 | D:1      | Reached XP level 2. HP: 12/15 MP: 6/6
  1176 | D:1      | Reached skill level 1 in Stealth
  1447 | D:1      | Learned a level 2 spell: Blink
  2032 | D:2      | Reached XP level 3. HP: 18/18 MP: 8/8
  2973 | D:2      | Reached XP level 4. HP: 23/23 MP: 9/9
  3653 | D:2      | Slain by a worm

Skill      XL: |  1  2  3  4 |
---------------+-------------+-----
Dodging        | 4 |  4.7
Stealth        | 1 2 |  2.7
Fighting       | 2 |  2.0
Short Blades   | 3 |  3.0
Throwing       | |  1.0
Spellcasting   | |  2.9
Translocations | |  4.4

Action                   |  1- 3 |  4- 6 || total
-------------------------+-------+-------++-------
Melee: Short sword       |   214 |    94 ||   308
Throw: Tomahawk          |       |     3 ||     3
 Stab: Sleeping          |     6 |       ||     6
Armor: Robe              |    13 |     2 ||    15
Dodge: Dodged            |   183 |    44 ||   227
